A
LOWELL PATRIOTS @ VANCOUVER MOUNTIES
04/21/2060
 
TOP OF THE 1ST
Lowell Patriots batting - Pitching for Vancouver Mounties : LHP Brien Corcoran
Pitching: LHP Brien Corcoran
Batting: LHB Rick Blom 0-0: Ball
1-0: Ball
2-0: Ground out 4-3 (Groundball, 4M, EV 103.8 MPH)
Batting: RHB Scott Bergan 0-0: SINGLE (Groundball, 4MD, EV 104.4 MPH)
Batting: LHB Erik Dockery 0-0: SINGLE (Line Drive, 7S, EV 102.5 MPH)
Scott Bergan to second
Batting: SHB Ean Fink 0-0: Ball
1-0: DOUBLE (Flyball, 78D, EV 98.8 MPH)
Scott Bergan scores
Erik Dockery to third
Batting: RHB Kolten bin Aladdin 0-0: Ball
1-0: Foul Ball, location: 2F
1-1: Foul Ball, location: 2F
1-2: Ball
2-2: Ball
3-2: TRIPLE (Line Drive, 89XD, EV 114.4 MPH)
Erik Dockery scores
Ean Fink scores
Batting: SHB Kaleb Biggs 0-0: Ball
1-0: Called Strike
1-1: Foul Ball, location: 2F
1-2: Ball
2-2: Ground out U3 (Groundball, 34, EV 85.0 MPH)
Kolten bin Aladdin scores
Batting: RHB Kyle DiRocco 0-0: Called Strike
0-1: Ball
1-1: Fly out, F9 (Flyball, 9LS, EV 91.9 MPH)
Top of the 1st over - 4 runs, 4 hits, 0 errors, 0 left on base; Lowell 4 - Vancouver 0
BOTTOM OF THE 1ST
Vancouver Mounties batting - Pitching for Lowell Patriots : LHP Kyle Roth
Pitching: LHP Kyle Roth
Batting: RHB Darion Johnson 0-0: Ball
1-0: Foul Ball, location: 2F
1-1: Ball
2-1: Ball
3-1: Base on Balls
Batting: RHB Hayden Jeffus 0-0: Foul Ball, location: 2F
0-1: Swinging Strike
0-2: Strikes out looking
Batting: RHB Kyle Motyka 0-0: Ball
1-0: Called Strike
1-1: Foul Ball, location: 2F
1-2: Ball
2-2: Reached on error, E5 (Groundball, 5, EV 88.1 MPH)
Darion Johnson to second
Batting: RHB Kaleb Klein 0-0: Ball
1-0: Ball
2-0: Fly out, F2 (Popup, 23F, EV 84.4 MPH)
Batting: LHB Otis Tenorio 0-0: Ball
1-0: Ball
2-0: Called Strike
2-1: Ball
3-1: Foul Ball, location: 2F
3-2: Base on Balls
Darion Johnson to third
Kyle Motyka to second
Batting: RHB Nathan Vendel 0-0: Ball
1-0: Ball
2-0: Ball
3-0: Called Strike
3-1: Called Strike
3-2: Foul Ball, location: 2F
3-2: Strikes out swinging
Bottom of the 1st over - 0 runs, 0 hits, 1 error, 3 left on base; Lowell 4 - Vancouver 0
TOP OF THE 2ND
Lowell Patriots batting - Pitching for Vancouver Mounties : LHP Brien Corcoran
Batting: RHB Kendal Shadrikov 0-0: Called Strike
0-1: Ball
1-1: DOUBLE (Line Drive, 3D, EV 94.4 MPH)
Batting: SHB Richard Dennis 0-0: Ball
1-0: Fly out, F9 (Flyball, 9, EV 87.5 MPH)
Batting: LHB Rick Blom 0-0: Ball
1-0: Called Strike
1-1: Swinging Strike
1-2: Ball
2-2: Strikes out swinging
Batting: RHB Scott Bergan 0-0: Ball
1-0: Called Strike
1-1: Called Strike
1-2: Ball
2-2: Foul Ball, location: 2F
2-2: Foul Ball, location: 2F
2-2: SINGLE (Groundball, 6M, EV 94.4 MPH)
Kendal Shadrikov to third
Runner from 3rd tries for Home, throw by CF and OUT! 8-2
Top of the 2nd over - 0 runs, 2 hits, 0 errors, 1 left on base; Lowell 4 - Vancouver 0
BOTTOM OF THE 2ND
Vancouver Mounties batting - Pitching for Lowell Patriots : LHP Kyle Roth
Batting: SHB Brock Hutchins 0-0: Ball
1-0: Swinging Strike
1-1: Ball
2-1: Ball
3-1: Swinging Strike
3-2: Base on Balls
Batting: RHB Brayan Wilford 0-0: Ball
1-0: Foul Ball, location: 2F
1-1: Ball
2-1: Fly out, F9 (Flyball, 9D, EV 102.5 MPH)
Batting: LHB Joey Carlson 0-0: Called Strike
0-1: Ball
1-1: Ball
2-1: Ball
3-1: Base on Balls
Brock Hutchins to second
Batting: RHB Darion Johnson 0-0: Foul Ball, location: 2F
0-1: Foul Ball, location: 2F
0-2: Foul Ball, location: 2F
0-2: Ball
1-2: Foul Ball, location: 2F
1-2: Ball
2-2: Ball
3-2: SINGLE (Groundball, 56, EV 100.6 MPH) (infield hit)
Brock Hutchins to third
Joey Carlson to second
Batting: RHB Hayden Jeffus 0-0: Called Strike
0-1: Ball
1-1: Ball
2-1: Called Strike
2-2: Strikes out swinging
Batting: RHB Kyle Motyka 0-0: GRAND SLAM HOME RUN (Flyball, 9D, EV 97.5 MPH), Distance : 393 ft
Batting: RHB Kaleb Klein 0-0: SOLO HOME RUN (Flyball, 7D, EV 93.8 MPH), Distance : 349 ft
Pitching: LHP Mason Cheatham
Batting: LHB Otis Tenorio 0-0: Called Strike
0-1: Ball
1-1: Ball
2-1: Ball
3-1: Called Strike
3-2: Fly out, F7 (Flyball, 7S, EV 87.5 MPH)
Bottom of the 2nd over - 5 runs, 3 hits, 0 errors, 0 left on base; Lowell 4 - Vancouver 5
TOP OF THE 3RD
Lowell Patriots batting - Pitching for Vancouver Mounties : LHP Brien Corcoran
Batting: LHB Erik Dockery 0-0: Ball
1-0: Ball
2-0: Called Strike
2-1: Fly out, F9 (Line Drive, 89M, EV 94.4 MPH)
Batting: SHB Ean Fink 0-0: Ball
1-0: SINGLE (Groundball, 34D, EV 103.8 MPH)
Batting: RHB Kolten bin Aladdin 0-0: Ball
1-0: Ball
Ean Fink is caught stealing 2nd base 2-4
2-0: Called Strike
2-1: Foul Ball, location: 2F
2-2: Ball
3-2: Base on Balls
Batting: SHB Kaleb Biggs 0-0: Ball
1-0: Ball
2-0: Ball
3-0: Base on Balls
Kolten bin Aladdin to second
Batting: RHB Kyle DiRocco 0-0: Ball
1-0: Swinging Strike
1-1: Called Strike
1-2: Foul Ball, location: 2F
1-2: Foul Ball, location: 2F
1-2: Ball
2-2: Ball
3-2: Foul Ball, location: 2F
3-2: Base on Balls
Kolten bin Aladdin to third
Kaleb Biggs to second
Batting: RHB Kendal Shadrikov 0-0: Called Strike
0-1: Foul Ball, location: 2F
0-2: Ball
1-2: Ball
2-2: Foul Ball, location: 2F
2-2: SINGLE (Line Drive, 89S, EV 90.0 MPH)
Kolten bin Aladdin scores
Kaleb Biggs to third
Kyle DiRocco to second
Pitching: RHP John Banks
Batting: SHB Richard Dennis 0-0: Called Strike
0-1: SINGLE (Line Drive, 3D, EV 98.1 MPH)
Kaleb Biggs scores
Kyle DiRocco to third
Kendal Shadrikov to second
Runner from 3rd tries for Home, SAFE, throw by RF to home
Batting: LHB Rick Blom 0-0: Ball
1-0: Fly out, F8 (Line Drive, 8RD, EV 90.6 MPH)
Top of the 3rd over - 3 runs, 3 hits, 0 errors, 2 left on base; Lowell 7 - Vancouver 5
BOTTOM OF THE 3RD
Vancouver Mounties batting - Pitching for Lowell Patriots : LHP Mason Cheatham
Batting: RHB Nathan Vendel 0-0: Called Strike
0-1: Ball
1-1: Fly out, F7 (Flyball, 7, EV 76.9 MPH)
Batting: SHB Brock Hutchins 0-0: Called Strike
0-1: Ball
1-1: Ball
2-1: Ground out 6-3 (Groundball, P, EV 80.6 MPH)
Batting: RHB Brayan Wilford 0-0: Ball
1-0: Ball
2-0: Called Strike
2-1: Ball
3-1: Fly out, F8 (Flyball, 8LD, EV 96.9 MPH)
Bottom of the 3rd over - 0 runs, 0 hits, 0 errors, 0 left on base; Lowell 7 - Vancouver 5
TOP OF THE 4TH
Lowell Patriots batting - Pitching for Vancouver Mounties : RHP John Banks
Batting: RHB Scott Bergan 0-0: Called Strike
0-1: Ball
1-1: DOUBLE (Line Drive, 89D, EV 95.0 MPH)
Batting: LHB Erik Dockery 0-0: Ball
1-0: Called Strike
1-1: SINGLE (Line Drive, 8RS, EV 106.9 MPH)
Scott Bergan to third
Runner from 3rd tries for Home, throw by CF and OUT! 8-2
Erik Dockery to second
Batting: SHB Ean Fink 0-0: Ball
1-0: Called Strike
1-1: Foul Ball, location: 2F
1-2: Foul Ball, location: 2F
1-2: Ball
2-2: Strikes out swinging
Batting: RHB Kolten bin Aladdin 0-0: Ball
1-0: Called Strike
1-1: Foul Ball, location: 2F
1-2: Fly out, F8 (Line Drive, 89D, EV 96.9 MPH)
Top of the 4th over - 0 runs, 2 hits, 0 errors, 1 left on base; Lowell 7 - Vancouver 5
BOTTOM OF THE 4TH
Vancouver Mounties batting - Pitching for Lowell Patriots : LHP Mason Cheatham
Batting: LHB Joey Carlson 0-0: Called Strike
0-1: Ball
1-1: Foul Ball, location: 2F
1-2: Ball
2-2: Strikes out swinging
Batting: RHB Darion Johnson 0-0: Called Strike
0-1: Called Strike
0-2: Ball
1-2: Foul Ball, location: 2F
1-2: Ball
2-2: Foul Ball, location: 2F
2-2: SINGLE (Line Drive, 89S, EV 91.2 MPH)
Batting: RHB Hayden Jeffus 0-0: Swinging Strike
0-1: Swinging Strike
0-2: Ball
1-2: Fly out, F7 (Line Drive, 7, EV 91.9 MPH)
Batting: RHB Kyle Motyka 0-0: Ball
1-0: Ground out 4-3 (Groundball, 4, EV 86.2 MPH)
Bottom of the 4th over - 0 runs, 1 hit, 0 errors, 1 left on base; Lowell 7 - Vancouver 5
TOP OF THE 5TH
Lowell Patriots batting - Pitching for Vancouver Mounties : RHP John Banks
Batting: SHB Kaleb Biggs 0-0: SINGLE (Line Drive, 9S, EV 101.9 MPH)
Batting: RHB Kyle DiRocco 0-0: Ball
1-0: Ball
2-0: Sac Bunt to 13S - play at first, batter OUT! 1-4
Kaleb Biggs to second
Batting: RHB Kendal Shadrikov 0-0: Swinging Strike
0-1: Foul Ball, location: 2F
0-2: Foul Ball, location: 2F
0-2: Ball
1-2: Strikes out swinging
Batting: SHB Richard Dennis 0-0: Ball
1-0: Ball
2-0: Foul Ball, location: 2F
2-1: Ground out U3 (Groundball, 3, EV 101.9 MPH)
Top of the 5th over - 0 runs, 1 hit, 0 errors, 1 left on base; Lowell 7 - Vancouver 5
BOTTOM OF THE 5TH
Vancouver Mounties batting - Pitching for Lowell Patriots : LHP Mason Cheatham
Batting: RHB Kaleb Klein 0-0: Ball
1-0: Swinging Strike
1-1: Foul Ball, location: 2F
1-2: Strikes out swinging
Batting: LHB Otis Tenorio 0-0: Ball
1-0: Swinging Strike
1-1: Fly out, F7 (Line Drive, 78M, EV 90.6 MPH)
Batting: RHB Nathan Vendel 0-0: Foul Ball, location: 2F
0-1: Ball
1-1: Ball
2-1: Ball
3-1: Base on Balls
Batting: SHB Brock Hutchins 0-0: Ball
1-0: Ground out 1-3 (Groundball, 15S, EV 74.4 MPH)
Bottom of the 5th over - 0 runs, 0 hits, 0 errors, 1 left on base; Lowell 7 - Vancouver 5
TOP OF THE 6TH
Lowell Patriots batting - Pitching for Vancouver Mounties : RHP John Banks
Batting: LHB Rick Blom 0-0: Ball
1-0: Ball
2-0: Called Strike
2-1: Foul Ball, location: 2F
2-2: Strikes out looking
Batting: RHB Scott Bergan 0-0: Called Strike
0-1: Swinging Strike
0-2: Ball
1-2: Ball
2-2: Foul Ball, location: 2F
2-2: Ground out 6-3 (Groundball, 6, EV 104.4 MPH)
Batting: LHB Erik Dockery 0-0: Ball
1-0: Ball
2-0: Foul Ball, location: 2F
2-1: Called Strike
2-2: SINGLE (Flyball, 89S, EV 96.9 MPH)
Pitching: RHP Tom McNeely
Batting: SHB Ean Fink 0-0: Ball
1-0: Ball
2-0: Ball
3-0: Called Strike
3-1: Foul Ball, location: 2F
3-2: Foul Ball, location: 2F
3-2: Hit by Pitch
Erik Dockery to second
Batting: RHB Kolten bin Aladdin 0-0: Called Strike
0-1: Foul Ball, location: 2F
0-2: Ball
1-2: Reached on error, E3 (Groundball, 34, EV 86.2 MPH)
Erik Dockery to third
Ean Fink to second
Batting: SHB Kaleb Biggs 0-0: Foul Ball, location: 2F
0-1: Called Strike
0-2: Ball
1-2: Ball
2-2: Foul Ball, location: 2F
2-2: Hit by Pitch
Erik Dockery scores
Ean Fink to third
Kolten bin Aladdin to second
Batting: RHB Kyle DiRocco 0-0: Ball
1-0: Ball
2-0: Fly out, F6 (Line Drive, 6MD, EV 63.1 MPH)
Top of the 6th over - 1 run, 1 hit, 1 error, 3 left on base; Lowell 8 - Vancouver 5
BOTTOM OF THE 6TH
Vancouver Mounties batting - Pitching for Lowell Patriots : LHP Mason Cheatham
Batting: RHB Brayan Wilford 0-0: Called Strike
0-1: Ball
1-1: Ball
2-1: Ball
3-1: Called Strike
3-2: Ground out 5-3 (Groundball, 5, EV 98.1 MPH)
Batting: LHB Joey Carlson 0-0: Swinging Strike
0-1: Ball
1-1: Foul Ball, location: 2F
1-2: Ball
2-2: Ball
3-2: SINGLE (Groundball, 56S, EV 68.8 MPH) (infield hit)
Pitching: RHP Tevonn Popescu
Batting: RHB Darion Johnson 0-0: Foul Ball, location: 2F
0-1: Ball
1-1: Foul Ball, location: 2F
1-2: Foul Ball, location: 2F
1-2: Strikes out swinging
Batting: RHB Hayden Jeffus 0-0: Called Strike
0-1: Foul Ball, location: 2F
0-2: Ball
1-2: Ball
2-2: Ball
Joey Carlson is caught stealing 2nd base 2-4
Bottom of the 6th over - 0 runs, 1 hit, 0 errors, 0 left on base; Lowell 8 - Vancouver 5
TOP OF THE 7TH
Lowell Patriots batting - Pitching for Vancouver Mounties : RHP Tom McNeely
Batting: RHB Kendal Shadrikov 0-0: Ball
1-0: Ball
2-0: SOLO HOME RUN (Flyball, 7LD, EV 95.6 MPH), Distance : 341 ft
Batting: SHB Richard Dennis 0-0: Ball
1-0: Swinging Strike
1-1: Foul Ball, location: 2F
1-2: Ball
2-2: Strikes out swinging
Batting: LHB Rick Blom 0-0: Ball
1-0: Ball
2-0: Ball
3-0: Called Strike
3-1: Swinging Strike
3-2: Strikes out looking
Batting: RHB Scott Bergan 0-0: Foul Ball, location: 2F
0-1: Foul Ball, location: 2F
0-2: Foul Ball, location: 2F
0-2: Ball
1-2: Ball
2-2: Foul Ball, location: 2F
2-2: Foul Ball, location: 2F
2-2: Foul Ball, location: 2F
2-2: Strikes out looking
Top of the 7th over - 1 run, 1 hit, 0 errors, 0 left on base; Lowell 9 - Vancouver 5
BOTTOM OF THE 7TH
Vancouver Mounties batting - Pitching for Lowell Patriots : RHP Tevonn Popescu
Batting: RHB Hayden Jeffus 0-0: Ball
1-0: Ball
2-0: Ball
3-0: Base on Balls
Batting: RHB Kyle Motyka 0-0: Called Strike
0-1: Called Strike
0-2: Ball
1-2: Ball
2-2: Foul Ball, location: 2F
2-2: Strikes out swinging
Batting: RHB Kaleb Klein 0-0: Ball
1-0: Ball
2-0: Called Strike
2-1: Foul Ball, location: 2F
2-2: Fly out, F8 (Flyball, 8LM, EV 86.9 MPH)
Batting: LHB Otis Tenorio 0-0: Called Strike
0-1: Ball
1-1: Foul Ball, location: 2F
1-2: Ground out 4-3 (Groundball, 4, EV 82.5 MPH)
Bottom of the 7th over - 0 runs, 0 hits, 0 errors, 1 left on base; Lowell 9 - Vancouver 5
TOP OF THE 8TH
Lowell Patriots batting - Pitching for Vancouver Mounties : RHP Tom McNeely
Pitching: RHP Davis Fitzpatrick
Batting: LHB Erik Dockery 0-0: Called Strike
0-1: Ball
1-1: Called Strike
1-2: Fly out, F9 (Flyball, 9, EV 93.8 MPH)
Batting: SHB Ean Fink 0-0: Called Strike
0-1: Foul Ball, location: 2F
0-2: Ball
1-2: Foul Ball, location: 2F
1-2: Ball
2-2: Ball
3-2: Base on Balls
Batting: RHB Kolten bin Aladdin 0-0: Called Strike
0-1: Fly out, F8 (Flyball, 8LD, EV 90.6 MPH)
Batting: SHB Kaleb Biggs 0-0: Swinging Strike
0-1: Ball
1-1: Ball
2-1: Called Strike
2-2: SINGLE (Line Drive, 7S, EV 95.6 MPH)
Ean Fink to second
Batting: RHB Kyle DiRocco 0-0: Called Strike
0-1: Ball
1-1: Foul Ball, location: 2F
1-2: Ball
2-2: Strikes out swinging
Top of the 8th over - 0 runs, 1 hit, 0 errors, 2 left on base; Lowell 9 - Vancouver 5
BOTTOM OF THE 8TH
Vancouver Mounties batting - Pitching for Lowell Patriots : RHP Tevonn Popescu
Batting: RHB Nathan Vendel 0-0: Ground out 6-3 (Groundball, 56D, EV 98.1 MPH)
Batting: SHB Brock Hutchins 0-0: Ball
1-0: Foul Ball, location: 2F
1-1: Foul Ball, location: 2F
1-2: Ground out 6-3 (Groundball, 6, EV 83.1 MPH)
Batting: RHB Brayan Wilford 0-0: Ball
1-0: Swinging Strike
1-1: Called Strike
1-2: Foul Ball, location: 2F
1-2: Ball
2-2: Foul Ball, location: 2F
2-2: Strikes out swinging
Bottom of the 8th over - 0 runs, 0 hits, 0 errors, 0 left on base; Lowell 9 - Vancouver 5
TOP OF THE 9TH
Lowell Patriots batting - Pitching for Vancouver Mounties : RHP Davis Fitzpatrick
Batting: RHB Kendal Shadrikov 0-0: Called Strike
0-1: Called Strike
0-2: Ball
1-2: Strikes out swinging
Batting: SHB Richard Dennis 0-0: Swinging Strike
0-1: Ball
1-1: Foul Ball, location: 2F
1-2: Ground out U3 (Groundball, 34, EV 108.1 MPH)
Batting: LHB Rick Blom 0-0: Ball
1-0: Ball
2-0: Called Strike
2-1: SINGLE (Flyball, 34D, EV 94.4 MPH)
Pitching: RHP Tommy Martin
Batting: RHB Scott Bergan 0-0: Ball
1-0: SINGLE (Groundball, 56S, EV 71.9 MPH) (infield hit)
Rick Blom to second
Batting: LHB Erik Dockery 0-0: Foul Ball, location: 2F
0-1: Ball
1-1: Ball
2-1: Swinging Strike
2-2: Strikes out swinging
Top of the 9th over - 0 runs, 2 hits, 0 errors, 2 left on base; Lowell 9 - Vancouver 5
BOTTOM OF THE 9TH
Vancouver Mounties batting - Pitching for Lowell Patriots : RHP Tevonn Popescu
Pitching: LHP Ray Marshall
Batting: LHB Joey Carlson 0-0: Foul Ball, location: 2F
0-1: Ball
1-1: SINGLE (Line Drive, 5D, EV 98.1 MPH)
Batting: RHB Darion Johnson 0-0: Grounds into double play, 6-4-3 (Groundball, 6, EV 86.9 MPH)
Batting: RHB Hayden Jeffus 0-0: Ball
1-0: Ball
2-0: Called Strike
2-1: Called Strike
2-2: Ball
3-2: Foul Ball, location: 2F
3-2: Base on Balls
Batting: RHB Kyle Motyka 0-0: SINGLE (Groundball, 34, EV 105.6 MPH)
Hayden Jeffus to second
Pitching: RHP Damien Dennis
Batting: RHB Kaleb Klein 0-0: Ball
1-0: Ball
2-0: SINGLE (Line Drive, 89M, EV 99.4 MPH)
Hayden Jeffus to third
Kyle Motyka to second
Batting: LHB Otis Tenorio 0-0: Fly out, F8 (Flyball, 78S, EV 87.5 MPH)
Bottom of the 9th over - 0 runs, 3 hits, 0 errors, 3 left on base; Lowell 9 - Vancouver 5
Monday, April 29th , 2024 - OOTP Baseball 23.10 Build 110